 Dungeon Crawl Stone Soup version 0.29.1-1-gd02db6906a (webtiles) character file.

Game seed: 16869116616599626793

1 vvl the Stinger (level 1, 0/13 HPs)
             Began as a Demonspawn Venom Mage on Oct 3, 2022.
             Slain by a jackal (1 damage)
             ... on level 1 of the Dungeon.
             The game lasted 00:00:54 (71 turns).

vvl the Stinger (Demonspawn Venom Mage)               Turns: 71, Time: 00:00:55

Health: 0/13       AC:  2    Str:  8    XL:     1   Next: 16%
Magic:  2/3        EV: 12    Int: 16    God:
Gold:   0          SH:  0    Dex: 13    Spells: 3/4 levels left

rFire   . . .      SeeInvis .   c - +0 long sword
rCold   . . .      Faith    .   (no shield)
rNeg    . . .      Spirit   .   a - +0 robe
rPois   .          Reflect  .   (no helmet)
rElec   .          Harm     .   (no cloak)
rCorr   .          Rampage  .   (no gloves)
Will    .....                   (no boots)
Stlth   ++........              (no amulet)
HPRegen 0.04/turn               (no ring)
MPRegen 0.08/turn               (no ring)

@: no status effects
A: no striking features
a: no special abilities


You were on level 1 of the Dungeon.
You visited 1 branch of the dungeon, and saw 1 of its levels.

Inventory:

Hand Weapons
 c - a +0 long sword (weapon)
Armour
 a - a +0 robe (worn)
Potions
 b - a potion of magic


   Skills:
 + Level 0.0 Fighting
 + Level 1.7 Dodging
 + Level 1.8 Stealth
 + Level 2.0 Spellcasting
 + Level 0.8 Transmutations
 * Level 3.0 Poison Magic


You had 3 spell levels left.
You knew the following spells:

 Your Spells              Type           Power      Damage    Failure   Level
a - Sting                 Tmut/Pois      28%        1d4       10%         1

Your spell library contained the following spells:

 Spells                   Type           Power      Damage    Failure   Level
 Poisonous Vapours        Pois/Air       12%        N/A       17%         2
 Mephitic Cloud           Conj/Pois/Air  4%         N/A       38%         3
 Olgreb's Toxic Radiance  Pois           11%        N/A       52%         4


Dungeon Overview and Level Annotations

Branches:
Dungeon (1/15)

Altars:


Message History

A goblin comes into view. It is wielding a +0 club.
The goblin shouts!
A frilled lizard, a ball python and a bat come into view.
Found a ruby potion.
A quokka comes into view.
The bat moves out of view.
The ball python hisses angrily.
A goblin comes into view. It is wielding a +0 dagger.
A quokka comes into view.
The bat closely misses you. The goblin closely misses you.
You see here a +0 long sword.
c - a +0 long sword The goblin shouts!
The bat hits you but does no damage. The goblin misses you. The bat misses you.
The jackal closely misses you. The bat misses you. The hobgoblin hits you.
The quokka attacks as you move away! The quokka bites you.
The jackal closely misses you. The jackal bites you.
The bat hits you but does no damage. The hobgoblin hits you.
The bat hits you but does no damage. The jackal bites you.
* * * LOW HITPOINT WARNING * * *
The bat hits you but does no damage.
A kobold comes into view. It is wielding a +0 short sword.
The kobold shouts!
The jackal barely misses you.
The kobold throws a stone.
The stone barely misses you. The jackal bites you.
* * * LOW HITPOINT WARNING * * *
Casting: Sting (safe; 10% risk of failure)
Confirm with . or Enter, or press ? or * to list all spells.
Aiming: Sting (safe; 10% risk of failure)
Press: ? - help, Shift-Dir - straight line, f - jackal
Aim: a jackal (60% to hit)
The sting hits the jackal.
The jackal is poisoned.
The jackal is lightly wounded.
The jackal bites you but does no damage.
The jackal misses you.
c - a +0 long sword (weapon)
The jackal closely misses you. The jackal attacks as you move away!
The jackal bites you.
You die...

#.####### #..><...#
#.#####.# ........#
...###..### ##...##
###..## ##..##
##.@### ##.h.#
###r#
###########S###
..!.........g.#
........r..l#.##
............#..####
............##....#
............#####.#


You could see a quokka, a jackal (poisoned), a hobgoblin and a ball python.

Vanquished Creatures
  A giant cockroach (D:1)
1 creature vanquished.

Notes
Turn   | Place    | Note
-------+----------+-------------------------------------------
     0 | D:1      | vvl the Demonspawn Venom Mage began the quest for the Orb.
     0 | D:1      | Reached XP level 1. HP: 13/13 MP: 3/3
    71 | D:1      | Slain by a jackal

Illustrated notes

Levels and vault maps discovered:
D:1:      dpeg_arrival_tiny_i, layout_basic, minmay_ruptured

Action                   || total
-------------------------++-------
Melee: Unarmed           ||     2
 Cast: Sting             ||     3
Armor: Robe              ||     5
Dodge: Dodged            ||    13
